 Dungeon Sprint DCSS version 0.23-a0-175-g97aacdb (webtiles) character file.

1292 Fang the Fighter (level 8, -3/100 HPs)
             Began as a Gargoyle Berserker on Sept 17, 2018.
             Was a High Priest of Trog.
             Slain by a wolf (7 damage)
             ... led by Grum
             ... in the Dungeon (Sprint VII: "The Pits").
             The game lasted 00:04:13 (1284 turns).

Fang the Fighter (Gargoyle Berserker)               Turns: 1284, Time: 00:04:14

Health: -3/100     AC:  8    Str: 28    XL:     8   Next: 56%
Magic:  8/8        EV: 14    Int:  8    God:    Trog [*****.]
Gold:   0          SH:  0    Dex:  9    Spells: 7/7 levels left

rFire    . . .     SeeInvis .   r - +5 war axe (freeze)
rCold    . . .     Gourm    .   (no shield)
rNeg     + . .     Faith    .   b - +0 animal skin
rPois    ∞         Spirit   .   (helmet restricted)
rElec    +         Reflect  .   (no cloak)
rCorr    .         Harm     .   (no gloves)
MR       .....     NoTele   +   (no boots)
Stlth    ..........             (no amulet)
HPRegen  0.26/turn              (no ring)
MPRegen  0.11/turn              (no ring)

@: berserking, very quick
A: horns 1, negative energy resistance 1, sense surroundings 1, robust 1,
electricity resistance, unbreathing, petrification resistance, rot immunity, AC
+5
a: Berserk, Trog's Hand, Brothers in Arms, Renounce Religion


You were in the Dungeon.
You worshipped Trog.
Trog was extremely pleased with you.
You were near starving.

You visited 1 branch

Inventory:

Hand Weapons
 j - a +2 hand axe
 m - a +0 hand axe of freezing
 q - a +1 broad axe of chopping
 r - a +5 war axe of freezing (weapon)
Armour
 b - a +0 animal skin (worn)
Jewellery
 n - a +3 ring of evasion
 o - a +3 ring of strength
Scrolls
 i - a scroll of blinking
 k - 3 scrolls of remove curse
 l - a scroll of summoning
Potions
 a - a potion of invisibility
 d - 8 potions of curing
 e - 8 potions of heal wounds
 f - a potion of haste
 g - 4 potions of magic
 h - 4 potions of berserk rage
 p - a potion of might
Comestibles
 c - 8 rations


   Skills:
 + Level 12.3 Fighting
 + Level 11.4 Axes
 + Level 6.0 Armour
 + Level 5.1 Dodging
 + Level 2.3 Stealth


You had 7 spell levels left.
You didn't know any spells.
Your spell library was empty.

Dungeon Overview and Level Annotations

Branches:
Dungeon (1/1)

Altars:
Cheibriados
Dithmenos
Elyvilon
Fedhas
Gozag
Hepliaklqana
Makhleb
Nemelex Xobeh
Okawaru
Qazlal
Ru
Sif Muna
Trog
Vehumet
Wu Jian
Xom
Yredelemnul
Zin
The Shining One
Beogh
Jiyva
Lugonu


Innate Abilities, Weirdness & Mutations

You are resistant to torment.
Your stone body is resilient. (AC +5)
You are immune to poison.
You resist negative energy. (rN+)
You are resistant to electric shocks. (rElec)
You can survive without breathing.
You are immune to petrification.
You are immune to rotting.
You have a pair of small horns on your head.
You passively map a small area around you.
You are robust. (+10% HP)


Message History

* * * LOW HITPOINT WARNING * * *
The four-headed hydra barely misses you.
The four-headed hydra bites you but does no damage.
The wolf bites your ogre!
An orc comes into view. It is wielding a hand axe.
The orc high priest mumbles some strange prayers to Beogh.
A wolf comes into view.
A red film seems to cover your vision as you go berserk!
You feel yourself moving faster!
You feel mighty!
You are near starving!
The wolf howls!
You hear a howl!
Your ogre hits the wolf with a giant club!
The wolf closely misses you.
The basilisk bites you but does no damage.
The four-headed hydra closely misses you.
The four-headed hydra bites you.
* * * LOW HITPOINT WARNING * * *
The four-headed hydra barely misses you.
The four-headed hydra misses you. The wolf bites you!
You die...

'###...<...###)(.##+##. *
..##.......# ##........
,,
..##.......###.[###+###
####.......##..## ##
..###########..+ ..+ ,
.############..## h. * ,
[#....#..[[###..###h###.,
* [#....#..[[#


##.Ohho4oo. .†....'..))#*#.D@##+##. '#....#...)##..l## ,, .#....#..))##..##*
###############* * * ** You could see a four-headed hydra, an orc high priest,
an ice devil, a basilisk, a warg, 3 wolves, an orc priest, an orc and a friendly
ogre (berserk).

Vanquished Creatures
  A redback (D)
  2 vampire mosquitoes (D)
  A floating eye (D)
  A porcupine (D)
  A sky beast (D)
  An ice beast (D)
  A big kobold (D)
  A killer bee (D)
  3 wights (D)
  2 orc priests (D)
  A hound (D)
  2 worker ants (D)
  2 river rats (D)
  2 ufetubi (D)
  An ooze (D)
  2 worms (D)
  A leopard gecko (D)
  3 orcs (D)
  A bat (D)
  A bat zombie (D)
  A goblin (D)
  A jackal zombie (D)
32 creatures vanquished.

Vanquished Creatures (collateral kills)
  An orc warrior (D)
  An orc priest (D)
2 creatures vanquished.

Grand Total: 34 creatures vanquished

Notes
Turn   | Place    | Note
-------+----------+-------------------------------------------
     0 | D        | Fang the Gargoyle Berserker began the quest for the Orb.
     0 | D        | Reached XP level 1. HP: 14/14 MP: 1/1
    16 | D        | HP: 1/21 [ufetubus (1)]
    17 | D        | Reached skill level 4 in Fighting
   271 | D        | Found a bloodstained altar of Trog.
   271 | D        | Found a deep blue altar of Sif Muna.
   271 | D        | Found a viscous altar of Jiyva.
   271 | D        | Found a hazy altar of Hepliaklqana.
   271 | D        | Found an opulent altar of Gozag.
   272 | D        | Found a glowing golden altar of the Shining One.
   272 | D        | Found a glowing silver altar of Zin.
   272 | D        | Found a basalt altar of Yredelemnul.
   272 | D        | Found a shimmering altar of Xom.
   272 | D        | Found an ornate altar of the Wu Jian Council.
   272 | D        | Found a sacrificial altar of Ru.
   272 | D        | Found a stormy altar of Qazlal.
   272 | D        | Found an iron altar of Okawaru.
   272 | D        | Found a sparkling altar of Nemelex Xobeh.
   272 | D        | Found a burning altar of Makhleb.
   272 | D        | Found a blossoming altar of Fedhas.
   272 | D        | Found a white marble altar of Elyvilon.
   272 | D        | Found a shadowy altar of Dithmenos.
   272 | D        | Found a snail-covered altar of Cheibriados.
   274 | D        | Found a radiant altar of Vehumet.
   274 | D        | Found a corrupted altar of Lugonu.
   274 | D        | Found a roughly hewn altar of Beogh.
   314 | D        | Reached XP level 2. HP: 20/20 MP: 2/2
   318 | D        | Reached ** piety under Trog
   321 | D        | Noticed a floating eye
   329 | D        | Killed a floating eye
   329 | D        | Reached skill level 7 in Fighting
   329 | D        | Reached XP level 3. HP: 27/28 MP: 3/3
   329 | D        | Reached XP level 4. HP: 32/34 MP: 4/4
   340 | D        | Reached XP level 5. HP: 32/38 MP: 5/5
   394 | D        | Reached *** piety under Trog
   396 | D        | Noticed an ice beast
   400 | D        | Killed an ice beast
   400 | D        | Reached skill level 8 in Fighting
   400 | D        | Reached XP level 6. HP: 45/45 MP: 6/6
   525 | D        | Reached **** piety under Trog
   529 | D        | Reached skill level 9 in Fighting
   548 | D        | Reached ***** piety under Trog
   548 | D        | Reached skill level 5 in Armour
   558 | D        | Reached skill level 10 in Fighting
   613 | D        | Noticed a porcupine
   618 | D        | Killed a porcupine
   618 | D        | Reached skill level 1 in Stealth
   618 | D        | Reached XP level 7. HP: 53/53 MP: 7/7
   752 | D        | Received a gift from Trog
   752 | D        | Reached skill level 11 in Fighting
   763 | D        | Reached skill level 10 in Axes
   803 | D        | Noticed a vampire mosquito
   803 | D        | Noticed a vampire mosquito
   808 | D        | Killed a vampire mosquito
   808 | D        | Reached XP level 8. HP: 60/60 MP: 8/8
   887 | D        | Gained mutation: You are partially covered in molten
                  | scales. (AC +2) [potion of mutation]
   887 | D        | Gained mutation: Your muscles are strong. (Str +2) [potion
                  | of mutation]
   887 | D        | Gained mutation: You have a pair of small antennae on your
                  | head. [potion of mutation]
   894 | D        | Lost mutation: You have a pair of small antennae on your
                  | head. [potion of mutation]
   894 | D        | Lost mutation: You are partially covered in molten scales.
                  | (AC +2) [potion of mutation]
   894 | D        | Lost mutation: Your muscles are strong. (Str +2) [potion of
                  | mutation]
   894 | D        | Gained mutation: You have a pair of small horns on your
                  | head. [potion of mutation]
   894 | D        | Gained mutation: Armour fits poorly on your strangely
                  | shaped body. [potion of mutation]
   894 | D        | Gained mutation: Your muscles are strong. (Str +2) [potion
                  | of mutation]
   895 | D        | Lost mutation: Your muscles are strong. (Str +2) [potion of
                  | mutation]
   895 | D        | Lost mutation: Armour fits poorly on your strangely shaped
                  | body. [potion of mutation]
   895 | D        | Lost mutation: You have a pair of small horns on your head.
                  | [potion of mutation]
   895 | D        | Gained mutation: You have a pair of small horns on your
                  | head. [potion of mutation]
   895 | D        | Gained mutation: You are robust. (+10% HP) [potion of
                  | mutation]
   895 | D        | Gained mutation: You passively map a small area around you.
                  | [potion of mutation]
   993 | D        | Noticed a redback
  1000 | D        | Killed a redback
  1000 | D        | Reached skill level 12 in Fighting
  1000 | D        | Reached skill level 5 in Dodging
  1002 | D        | Reached ****** piety under Trog
  1002 | D        | Received a gift from Trog
  1277 | D        | Noticed a four-headed hydra
  1281 | D        | Noticed an orc high priest
  1281 | D        | HP: 3/67 [basilisk (7)]
  1284 | D        | Noticed an ice devil
  1284 | D        | Slain by a wolf

Vault maps used:
D:        pitsprint

Skill      XL: |  1  2  3  4  5  6  7  8 |
---------------+-------------------------+-----
Fighting       | 4 7 8 10 11 12 | 12.3
Axes           | 3 6 7 9 10 11 | 11.4
Armour         | 3 4 5 6 |  6.0
Dodging        | 3 4 5 |  5.1
Stealth        | 1 2 |  2.3

Action                   |  1- 3 |  4- 6 |  7- 9 || total
-------------------------+-------+-------+-------++-------
Melee: Hand axe          |    17 |    44 |    47 ||   108
       Headbutt          |       |       |     4 ||     4
Invok: Berserk           |     1 |     2 |     5 ||     8
       Brothers in Arms  |       |       |     2 ||     2
  Use: Potion            |       |       |     6 ||     6
  Eat: Chunk             |       |     1 |     3 ||     4
       Ration            |       |       |     1 ||     1
Armor: Animal skin       |     4 |     5 |    13 ||    22
Dodge: Dodged            |    18 |    18 |    38 ||    74

Table legend:
 A = Non-vault XP
 B = Vault XP
 C = Vault XP percentage of total XP
 D = Non-vault monster count
 E = Vault monster count
 F = Vault count percentage of total count
                 A         B        C        D         E       F
            +---------+---------+-------+---------+---------+-------
      Total |       0 |    1847 | 100.0 |       0 |      34 | 100.0
            +---------+---------+-------+---------+---------+-------
          D |       0 |    1847 | 100.0 |       0 |      34 | 100.0
            +---------+---------+-------+---------+---------+-------
